 Dungeon Crawl Stone Soup version 0.21.1-1-g345015f (webtiles) character file.

99481 vatarom the Demonic Cataclysm (level 15, -1/120 HPs)
             Began as a Demonspawn Gladiator on Mar 28, 2018.
             Was a High Priest of Qazlal.
             Slain by a snapping turtle (3 damage)
             ... on level 3 of the Shoals.
             The game lasted 00:53:38 (23428 turns).

vatarom the Demonic Cataclysm (DsGl)               Turns: 23428, Time: 00:53:38

Health: -1/120     AC: 23    Str: 17    XL:     15   Next: 77%
Magic:  0/36       EV: 14    Int: 15    God:    Qazlal [*****.]
Gold:   1485       SH:  0    Dex: 16    Spells: 14/14 levels left

rFire    + . .     SeeInvis +   p - +4 war axe (distort)
rCold    . . .     Gourm    .   J - +4 shield "Plog" {Regen+ rCorr Str-4 Stlth-}
rNeg     . . .     Faith    .   r - +3 scale mail "Ipan" {rPois SInv}
rPois    +         Spirit   +   c - +1 helmet
rElec    .         Reflect  .   (no cloak)
rCorr    +         Harm     .   (gloves unavailable)
MR       +....                  n - +1 pair of boots
Stlth    ..........             (no amulet)
HPRegen  0.70/turn              y - +3 ring of strength
MPRegen  0.25/turn              K - ring of Qoilaan {MP+9 Int+4}

@: confused, protected from physical damage, slowed, studying Necromancy, repel
missiles, very slow
A: claws 3, molten scales 3, demonic guardian 1, magic shield
a: Upheaval, Elemental Force, Disaster Area, Renounce Religion


You were on level 3 of the Shoals.
You worshipped Qazlal.
Qazlal was extremely pleased with you.
You were full.

You visited 4 branches of the dungeon, and saw 25 of its levels.
You also visited: Volcano.

You collected 1943 gold pieces.
You spent 458 gold pieces at shops.

Inventory:

Hand Weapons
 p - a +4 war axe of distortion (weapon)
Missiles
 d - 5 throwing nets (quivered)
Armour
 c - a +1 helmet (worn)
 n - a +1 pair of boots (worn)
 r - the +3 scale mail "Ipan" (worn) {rPois SInv}
   (You bought it in a shop on level 5 of the Dungeon)

   It protects you from poison.
   It lets you see invisible.
 J - the +4 shield "Plog" (worn) {Regen+ rCorr Str-4 Stlth-}
   (You bought it in a shop on level 5 of the Dungeon)

   It affects your strength (-4).
   It increases your rate of regeneration.
   It protects you from acid and corrosion.
   It makes you less stealthy.
Jewellery
 a - an uncursed ring of resist corrosion
 y - a +3 ring of strength (left claw)
 C - an uncursed ring of flight
 D - an uncursed ring of wizardry
 H - an uncursed ring of protection from cold
 K - the ring of Qoilaan (right claw) {MP+9 Int+4}
   (You found it on level 12 of the Dungeon)

   [ring of magical power]

   It affects your intelligence (+4).
   It affects your magic capacity (+9).
 P - an uncursed ring of protection from fire
 T - an uncursed ring of fire {unknown}
Wands
 s - a wand of iceblast (51)
 t - a wand of paralysis (12)
 x - a wand of random effects (62)
 z - a wand of flame (14)
 B - a wand of digging (25)
 N - a wand of disintegration (18)
 Q - a wand of scattershot (2)
Scrolls
 e - 13 scrolls of teleportation
 g - 13 scrolls of remove curse
 l - 6 scrolls of immolation
 m - 6 scrolls of amnesia
 q - a scroll of blinking
 u - 4 scrolls of identify
 A - a scroll of fear
 E - 7 scrolls of magic mapping
 M - a scroll of silence
Potions
 b - 3 potions of flight
 h - 3 potions of agility
 i - 2 potions of lignification
 j - 13 potions of heal wounds
 k - a potion of resistance
 o - 5 potions of curing
 v - 3 potions of might
 w - 6 potions of invisibility
 F - 2 potions of berserk rage
 I - 2 potions of ambrosia
 L - 2 potions of brilliance
 R - a potion of magic
 S - a potion of cancellation
Books
 O - a manual of Necromancy
Miscellaneous
 G - a lightning rod (inert)
Comestibles
 f - 25 rations


   Skills:
 + Level 12.0 Fighting
 + Level 13.8 Axes
 - Level 1.7 Throwing
 - Level 8.5 Armour
 - Level 9.0 Dodging
 * Level 10.0 Shields
 * Level 16.6 Invocations


You had 14 spell levels left.
You didn't know any spells.

Dungeon Overview and Level Annotations

Branches:
Dungeon (15/15)            Temple (1/1) D:4            Lair (6/6) D:11
 Shoals (3/4) Lair:4        Snake (0/4) Lair:3        Slime (0/5) Lair:5
    Orc (0/2) D:12         Vaults (0/5) D:13         Depths (0/5) D:15

Altars:
Ashenzari
Cheibriados
Dithmenos
Elyvilon
Fedhas
Gozag
Hepliaklqana
Kikubaaqudgha
Makhleb
Nemelex Xobeh
Okawaru
Qazlal
Ru
Sif Muna
Trog
Uskayaw
Vehumet
Wu Jian
Xom
Yredelemnul
Zin
The Shining One

Shops:
D:5 [   D:7 *   D:15 =

Annotations:
D:12 1 runed door
D:13 exclusion: 2 oklob plants
Abyss:1 Urug


Innate Abilities, Weirdness & Mutations

You have claws for hands.
You are completely covered in molten scales. (AC +4, rF+)
A weak demonic guardian rushes to your aid.
When hurt, damage is shared between your health and your magic reserves.


Message History

The merfolk barely misses you.
The faun points at you and mumbles some strange words.
You feel yourself slow down.
The snapping turtle bites you from afar!
* * * LOW HITPOINT WARNING * * *
The merfolk hits you from afar with a trident!
* * * LOW HITPOINT WARNING * * *
Your white imp gestures at the merfolk.
The puff of frost hits the merfolk.
The faun shoots a stone.
The stone is repelled.
The snapping turtle bites you but does no damage.
The faun shoots a sling bullet.
The sling bullet hits you!
* * * LOW HITPOINT WARNING * * *
The merfolk barely misses you.
The snapping turtle bites you from afar.
* * * LOW HITPOINT WARNING * * *
The merfolk closely misses you.
Your white imp hits the merfolk but does no damage.
The snapping turtle bites you.
You die...

≈.......≈≈≈≈≈≈≈≈..#
....≈...c≈≈≈≈≈≈≈≈≈..
....≈..≈≈c≈≈≈≈≈≈≈≈≈≈
..(≈≈≈≈≈≈c≈≈≈≈≈≈≈≈≈≈
≈≈≈≈≈≈≈≈≈≈≈≈≈≈≈≈≈≈≈≈
..≈≈≈≈≈≈≈≈≈≈≈≈≈(≈≈≈≈≈≈≈
..≈≈≈≈≈≈§§§≈t.≈≈≈≈≈.≈≈≈
...≈≈≈≈≈§§..t(.≈≈≈≈≈≈≈≈
..≈≈≈≈≈≈).(@mm..≈≈≈≈≈≈≈
.≈≈≈≈≈[.?)##5.)..≈≈≈≈≈≈
≈≈≈≈≈.).§.##(....)≈≈≈≈≈
≈≈≈≈).))..<.#.....≈≈≈≈≈
≈≈≈≈≈≈....###..†)<≈.≈≈≈
≈≈.≈≈≈.≈..# #....≈.≈≈≈≈
≈≈..≈.(.≈....†..≈≈≈≈≈≈≈
≈≈≈≈≈≈..≈≈..).......###
≈≈≈≈≈≈≈>...5§§.≈≈$..


You could see a satyr, 2 snapping turtles, 2 merfolk, 2 fauns and a friendly
white imp.

Vanquished Creatures
  Agnes (D:14)
  Donald (Shoals:2)
  A tengu reaver (D:13)
  A merfolk javelineer (Shoals:2)
  2 merfolk impalers (Shoals:3)
  4 hydras
  A merfolk avatar (Shoals:3)
  4 two-headed ogres
  2 catoblepae
  3 dancing weapons
  5 centaur warriors
  5 death yaks
  2 ogre magi
  A merfolk aquamancer (Shoals:1)
  A tengu warrior (D:13)
  Sonja (Lair:1)
  The ghost of Setanta the Protected, a novice GnWn of Gozag (D:8)
  A skeletal warrior (D:13)
  6 sea snakes
  2 unseen horrors
  3 wizards (Volcano)
  A necromancer (Lair:6)
  The ghost of vatarom the Conjurer, a novice DrCj (D:5)
  A mana viper (shapeshifter) (D:15)
  2 deep elf magi (D:15)
  4 harpies
  An orc knight (D:15)
  An ugly thing (D:12)
  2 orc sorcerers (D:15)
  2 centaur zombies
  8 manticores
  4 cyclopes
  3 merfolk sirens
  3 fauns
  4 water nymphs
  A toenail golem (Volcano)
  Maurice (D:9)
  Psyche (D:8)
  5 black mambas
  5 centaur skeletons
  2 spiny frogs
  8 komodo dragons
  A freezing wraith (D:14)
  5 trolls
  A tengu conjurer (D:15)
  A polar bear (Lair:4)
  2 meliai (D:13)
  A harpy zombie (D:15)
  13 merfolk
  A queen bee (D:13)
  Prince Ribbit (Lair:2)
  4 wind drakes
  3 snapping turtles
  A slime creature (D:13)
  4 dream sheep (Shoals:2)
  19 blink frogs
  5 hippogriffs
  A centaur simulacrum (D:13)
  2 shadows
  2 wraiths
  41 yaks
  A vampire (D:15)
  2 wyverns
  5 water elementals
  A human (D:8)
  6 basilisks
  3 hungry ghosts
  3 nagas (Lair:3)
  2 acid dragons
  Duvessa (D:5)
  9 water moccasins
  9 porcupines
  An ice beast (D:10)
  5 orc warriors
  A black bear (Lair:4)
  4 necrophages
  13 ogres
  6 wolves
  10 centaurs
  2 phantoms
  11 crocodiles
  3 big kobolds
  16 bullfrogs
  Dowan (D:5)
  A wyvern skeleton (D:12)
  4 scorpions
  35 killer bees
  3 wights (D:14)
  7 howler monkeys
  2 crimson imps (D:13)
  2 bullfrog zombies
  8 hounds
  A quasit (D:8)
  5 jellies
  7 orc priests
  3 bullfrog skeletons
  4 iguanas
  Ijyb (D:5)
  5 worker ants
  8 orc wizards
  4 polar bear simulacra (Lair:6)
  A wolf simulacrum (Lair:6)
  A yak simulacrum (Lair:6)
  A hound zombie (D:6)
  2 hound skeletons
  A mummy (D:8)
  5 adders
  3 river rats (D:11)
  2 shadow imps
  2 oozes (D:1)
  5 worms
  2 dart slugs
  6 leopard geckos
  55 orcs
  10 bats
  10 giant cockroaches
  7 goblins
  5 hobgoblins
  2 jackals (D:3)
  5 quokkas
  3 ball pythons
  2 frilled lizards (D:1)
  A hobgoblin zombie (D:8)
  13 kobolds
  2 kobold zombies (D:8)
  2 leopard gecko zombies (D:6)
  An orc zombie (D:8)
  2 quokka zombies
  14 rats
  4 river rat simulacra (Lair:6)
  8 fungi
  2 plants
610 creatures vanquished.

Vanquished Creatures (collateral kills)
  A merfolk avatar (Shoals:1)
  A skeletal warrior (D:13)
  2 sea snakes (Shoals:2)
  The ghost of Ratty the Archer, a novice CeMo of Okawaru (D:6)
  A faun (Shoals:1)
  A centaur skeleton (D:14)
  A spiny frog (Lair:3)
  A merfolk (Shoals:1)
  3 slime creatures (D:13)
  A hippogriff (D:9)
  2 yaks (Lair:6)
  3 nagas (Lair:3)
  An eye of draining (D:13)
  An ogre (D:15)
  A wolf (Lair:4)
  A centaur (D:6)
  4 killer bees (D:13)
  A howler monkey (D:9)
  An electric eel (Lair:6)
  A quasit (D:12)
  An orc priest (D:6)
  An orc wizard (D:4)
  A yak simulacrum (Lair:6)
  2 adders
  2 orcs (D:6)
36 creatures vanquished.

Vanquished Creatures (others)
  A hydra (D:13)
  2 catoblepae
  4 two-headed ogres
  3 death yaks
  The ghost of soepske the Skirmisher, a novice DsBe of Trog (D:7)
  3 sea snakes
  A wolf spider zombie (D:15)
  A manticore (Lair:6)
  A toenail golem (Volcano)
  A black mamba (Lair:6)
  2 spiny frogs
  A merfolk (Shoals:1)
  A troll (D:14)
  A wind drake (Shoals:1)
  A hornet (D:9)
  2 hippogriffs
  2 blink frogs
  2 water elementals (Shoals:1)
  A vampire (D:14)
  A wraith (D:15)
  11 yaks
  A wyvern (D:8)
  An acid dragon (D:12)
  An ogre (D:12)
  A wolf (Lair:4)
  A big kobold (D:10)
  A big kobold (shapeshifter) (D:15)
  A bullfrog (Lair:3)
  A killer bee (D:12)
  2 howler monkeys
  A crimson imp (D:8)
  2 centaur zombies
  2 orc wizards
  2 orc priests (D:8)
  A hound skeleton (D:6)
  A worker ant zombie (D:9)
  2 adders
  A worm (D:2)
  An orc (D:9)
  26 fungi
  17 plants
109 creatures vanquished.

Grand Total: 755 creatures vanquished

Notes
Turn   | Place    | Note
-------+----------+-------------------------------------------
     0 | D:1      | vatarom the Demonspawn Gladiator began the quest for the Orb.
     0 | D:1      | Reached XP level 1. HP: 16/16 MP: 1/1
   184 | D:1      | Gained mutation: You are partially covered in molten scales. (AC +2) [demonic ancestry]
   184 | D:1      | Reached XP level 2. HP: 22/22 MP: 2/2
   462 | D:1      | Reached XP level 3. HP: 22/28 MP: 3/3
   692 | D:1      | Reached skill level 1 in Armour
   795 | D:2      | Found a radiant altar of Vehumet.
  1199 | D:1      | Gained mutation: You have sharp fingernails. [demonic ancestry]
  1199 | D:1      | Reached XP level 4. HP: 28/34 MP: 4/4
  1517 | D:2      | Gained mutation: A weak demonic guardian rushes to your aid. [demonic ancestry]
  1517 | D:2      | Reached XP level 5. HP: 28/40 MP: 5/5
  1776 | D:2      | Found a deep blue altar of Sif Muna.
  2718 | D:4      | Found a staircase to the Ecumenical Temple.
  2724 | Temple   | Entered the Ecumenical Temple
  3266 | D:4      | Noticed a phantom
  3290 | D:4      | Killed a phantom
  3290 | D:4      | Reached XP level 6. HP: 25/47 MP: 6/6
  4049 | D:5      | Entered Level 5 of the Dungeon
  4117 | D:5      | Got a dazzling spear
  4126 | D:5      | Identified the +6 spear "Embalmer" {holy, Str+3} (You found it on level 5 of the Dungeon)
  4156 | D:5      | Reached skill level 5 in Axes
  4162 | D:5      | Found Fuyna Dio's Antique Armour Shoppe.
  4165 | D:5      | Bought a dazzling scale mail for 189 gold pieces
  4165 | D:5      | Identified the +3 scale mail "Ipan" {rPois SInv} (You bought it in a shop on level 5 of the Dungeon)
  4284 | D:5      | Found a radiant altar of Vehumet.
  4285 | D:5      | Noticed Duvessa
  4286 | D:5      | Noticed Dowan
  4293 | D:5      | Killed Dowan
  4293 | D:5      | Reached XP level 7. HP: 50/53 MP: 7/7
  4344 | D:5      | Killed Duvessa
  4560 | D:5      | Noticed Ijyb
  4565 | D:5      | Killed Ijyb
  4683 | D:5      | Noticed vatarom's ghost (novice DrCj)
  4794 | D:6      | Reached XP level 8. HP: 31/61 MP: 8/8
  4945 | D:6      | Noticed Ratty's ghost (novice CeMo)
  4958 | D:6      | Killed Ratty's ghost
  4958 | D:6      | Reached skill level 5 in Fighting
  4958 | D:6      | Reached skill level 5 in Dodging
  5503 | D:7      | Noticed soepske's ghost (novice DsBe)
  5506 | D:7      | Banished soepske's ghost
  5506 | D:7      | Gained mutation: You have very sharp fingernails. [demonic ancestry]
  5506 | D:7      | Reached XP level 9. HP: 68/68 MP: 9/9
  5527 | D:7      | Found Tamuzufi's General Store.
  5663 | D:7      | Bought a potion of heal wounds for 70 gold pieces
  5866 | D:7      | Found a snail-covered altar of Cheibriados.
  6248 | D:8      | Noticed a two-headed ogre
  6317 | D:8      | Found a glowing golden altar of the Shining One.
  6331 | D:8      | Killed a two-headed ogre
  6331 | D:8      | Reached skill level 5 in Armour
  7018 | D:8      | Found an iron altar of Okawaru.
  7051 | D:8      | Noticed Psyche
  7062 | D:8      | Killed Psyche
  7062 | D:8      | Gained mutation: You have claws for hands. [demonic ancestry]
  7062 | D:8      | Reached XP level 10. HP: 57/77 MP: 10/10
  7114 | D:8      | Noticed Setanta's ghost (novice GnWn)
  7175 | D:8      | Killed Setanta's ghost
  7355 | D:9      | Found an ornate altar of the Wu Jian Council.
  7490 | D:9      | Found a blossoming altar of Fedhas.
  7793 | D:9      | Found a bloodstained altar of Trog.
  7798 | D:9      | Found a burning altar of Makhleb.
  7799 | D:9      | Found a white marble altar of Elyvilon.
  7799 | D:9      | Found a stormy altar of Qazlal.
  7800 | D:9      | Found a hazy altar of Hepliaklqana.
  7808 | D:9      | Became a worshipper of Qazlal Stormbringer
  7860 | D:9      | Noticed Maurice
  7866 | D:9      | Killed Maurice
  8081 | D:9      | Reached skill level 1 in Invocations
  8193 | D:10     | Entered Level 10 of the Dungeon
  8364 | D:10     | Reached skill level 2 in Invocations
  8541 | D:10     | Found a sparkling altar of Nemelex Xobeh.
  8773 | D:11     | Noticed a death yak
  8774 | D:11     | Found a staircase to the Lair.
  8774 | D:11     | Noticed a death yak
  8876 | D:10     | Banished a death yak
  8876 | D:10     | Reached skill level 3 in Invocations
  9046 | Lair:1   | Entered Level 1 of the Lair of Beasts
  9049 | Lair:1   | Noticed Sonja
  9287 | D:11     | Reached skill level 10 in Axes
  9350 | D:11     | Reached * piety under Qazlal
  9393 | D:11     | Reached skill level 4 in Invocations
  9405 | D:11     | Noticed a death yak
  9441 | D:11     | Killed a death yak
  9441 | D:11     | Gained mutation: When hurt, damage is shared between your health and your magic reserves. [demonic ancestry]
  9441 | D:11     | Reached XP level 11. HP: 70/86 MP: 14/14
  9689 | D:12     | Found a staircase to the Orcish Mines.
  9706 | D:12     | Reached skill level 5 in Invocations
  9734 | D:12     | Got a clouded iron ring
  9837 | D:12     | Found a runed door.
 10143 | D:12     | Reached skill level 6 in Invocations
 10214 | D:12     | Found a runed door.
 10349 | D:12     | Noticed a brown ugly thing
 10349 | D:12     | Noticed a purple ugly thing
 10350 | D:12     | Noticed an unseen horror
 10474 | D:12     | Killed an unseen horror
 10494 | D:11     | Banished a death yak
 10616 | D:11     | Reached ** piety under Qazlal
 10657 | Lair:1   | Killed Sonja
 10657 | Lair:1   | Reached skill level 7 in Invocations
 12173 | Lair:2   | Identified the ring of Qoilaan {MP+9 Int+4} (You found it on level 12 of the Dungeon)
 12454 | Lair:2   | Noticed Prince Ribbit
 12462 | Lair:2   | Noticed a six-headed hydra
 12468 | Lair:2   | Killed a six-headed hydra
 12468 | Lair:2   | Reached skill level 8 in Invocations
 12497 | Lair:2   | Gained mutation: You are mostly covered in molten scales. (AC +3) [demonic ancestry]
 12497 | Lair:2   | Reached XP level 12. HP: 56/94 MP: 11/18
 12591 | Lair:2   | Killed Prince Ribbit
 12773 | Lair:3   | Noticed a four-headed hydra
 12779 | Lair:3   | Killed a four-headed hydra
 12793 | Lair:3   | Reached skill level 9 in Invocations
 13013 | Lair:3   | Found a staircase to the Snake Pit.
 13127 | Lair:3   | Found a dark tunnel.
 13189 | Volcano  | Entered a volcano
 13279 | Volcano  | Reached skill level 10 in Invocations
 13554 | Lair:3   | Found an ornate altar of the Wu Jian Council.
 14227 | Lair:4   | Noticed an eight-headed hydra
 14236 | Lair:4   | Killed an eight-headed hydra
 14461 | Lair:4   | Gained mutation: You are completely covered in molten scales. (AC +4, rF+) [demonic ancestry]
 14461 | Lair:4   | Reached XP level 13. HP: 47/101 MP: 21/21
 14924 | Lair:4   | Found a staircase to the Shoals.
 15096 | Lair:4   | Reached skill level 11 in Invocations
 15539 | D:5      | Bought a polished shield for 199 gold pieces
 15544 | D:5      | Identified the +4 shield "Plog" {Regen+ rCorr Str-4 Stlth-} (You bought it in a shop on level 5 of the Dungeon)
 15606 | D:5      | Killed vatarom's ghost
 15923 | Lair:5   | Reached skill level 1 in Shields
 16113 | Lair:5   | Found a staircase to the Slime Pits.
 16661 | Lair:6   | Entered Level 6 of the Lair of Beasts
 16962 | Lair:6   | Reached *** piety under Qazlal
 17080 | Lair:6   | Reached skill level 10 in Fighting
 17171 | Lair:6   | Reached skill level 12 in Invocations
 17451 | Lair:6   | Identified the Collected Works on the Helpful Snowflakes
 17765 | Lair:6   | Reached **** piety under Qazlal
 17765 | Lair:6   | Reached skill level 5 in Shields
 18359 | D:12     | Reached skill level 13 in Invocations
 18431 | D:13     | Noticed Urug
 18436 | D:13     | Banished Urug
 18456 | D:13     | Reached XP level 14. HP: 77/111 MP: 23/23
 18855 | D:13     | Noticed a tengu reaver
 18899 | D:13     | Killed a tengu reaver
 19006 | D:13     | Found a gate to the Vaults.
 19168 | D:13     | Reached skill level 14 in Invocations
 19832 | D:14     | Reached ***** piety under Qazlal
 20021 | D:14     | Noticed Agnes
 20030 | D:14     | Killed Agnes
 20623 | D:15     | Entered Level 15 of the Dungeon
 20843 | D:15     | Reached skill level 15 in Invocations
 20910 | D:15     | Reached XP level 15. HP: 75/118 MP: 21/26
 20938 | D:15     | Found a staircase to the Depths.
 20959 | D:15     | Found Rostrokh's Jewellery Emporium.
 21148 | D:15     | Got a crude rapier {flame}
 21149 | D:15     | Identified the cursed +2 rapier of Zeleffad {flame, Fragile rN+ Dex+4} (You took it off an orc on level 15 of the Dungeon)
 21733 | Shoals:1 | Entered Level 1 of the Shoals
 22570 | Shoals:2 | Noticed Donald
 22614 | Shoals:2 | Reached skill level 16 in Invocations
 22645 | Shoals:2 | Killed Donald
 23413 | Shoals:3 | Reached skill level 10 in Shields
 23428 | Shoals:3 | HP: 4/120 [faun/sling bullet[a satyr] (7)]
 23428 | Shoals:3 | Slain by a snapping turtle

Skill      XL: |  1  2  3  4  5  6  7  8  9 10 11 12 13 14 15 |
---------------+----------------------------------------------+-----
Axes           | 3 4 5 6 7 8 10 11 12 13 | 13.8
Dodging        | 3 4 5 6 7 8 9 |  9.0
Armour         | 1 2 3 4 5 6 7 8 |  8.5
Fighting       | 3 4 5 6 7 8 9 10 11 12 | 12.0
Invocations    | 4 8 10 13 15 16 | 16.6
Shields        | 5 8 10 | 10.0
Throwing       | |  1.7

Action                   |  1- 3 |  4- 6 |  7- 9 | 10-12 | 13-15 || total
-------------------------+-------+-------+-------+-------+-------++-------
Melee: War axe           |   120 |   151 |   234 |   710 |  1295 ||  2510
Throw: Throwing net      |       |       |       |     2 |     1 ||     3
Invok: Upheaval          |       |       |       |     8 |     7 ||    15
       Elemental Force   |       |       |       |       |     2 ||     2
       Disaster Area     |       |       |       |       |     2 ||     2
Evoke: Wand              |       |       |       |    10 |     6 ||    16
       Lightning rod     |       |       |       |     4 |    10 ||    14
  Use: Scroll            |     1 |     8 |     3 |    10 |    11 ||    33
       Potion            |       |     3 |     1 |     3 |     8 ||    15
 Stab: Sleeping          |     1 |     2 |       |       |       ||     3
       Distracted        |       |       |     1 |     2 |    14 ||    17
       Petrified         |       |       |       |       |     9 ||     9
       Petrifying        |       |       |       |       |     1 ||     1
  Eat: Chunk             |     1 |     3 |     2 |     6 |     1 ||    13
       Ration            |       |     4 |     2 |     6 |    11 ||    23
Armor: Leather armour    |    50 |    56 |       |       |       ||   106
       Scale mail        |       |     4 |   109 |   257 |   310 ||   680
Dodge: Dodged            |   100 |   119 |   143 |   445 |   363 ||  1170
       Deflected         |       |       |       |       |    40 ||    40
Block: Other             |       |       |       |    31 |     1 ||    32
       Shield            |       |       |       |       |  1039 ||  1039
